Map: Frost LE

Players

Olddog - Winner!

  • Race: Terran Terran
  • Spawn Location: 1:00

Fropez

  • Race: Protoss Protoss
  • League: Gold
  • Spawn Location: 11:00

VOD

Have the link to the VOD?

Description

Time

  • Played on: Nov. 1, 2016, 4:21 p.m.
  • Length: 13:30
Show
View Real Time Build Order
Export as new Build Order

Olddog Terran - Winner!

Build Orders: MMM Bio 

Get SALT Encoding   

  12  0:02  SCV  
  13  0:14  SCV  
  13  0:21  Supply Depot  
  14  0:27  SCV  
  15  0:42  SCV  
  16  0:44  Barracks  
  16  0:54  SCV  
  17  1:01  Refinery  
  17  1:06  SCV  
  18  1:18  SCV  
  19  1:31  Marine  
  19  1:32  Supply Depot  
  20  1:33  Orbital Command  
  20  1:40  Barracks  
  20  1:49  Reaper  
  21  2:05  Command Center  
  21  2:09  SCV  
  22  2:22  SCV  
  23  2:27  Barracks Tech Lab  
  23  2:33  Factory  
  23  2:38  SCV, Refinery  
  24  2:50  Marine, SCV  
  26  2:52  Marine  
  27  3:02  SCV  
  28  3:07  Marine  
  28  3:08  Stimpack  
  29  3:14  SCV  
  29  3:15  Supply Depot  
  29  3:16  Marine  
  31  3:29  Widow Mine  
  33  3:34  Marauder  
  35  3:47  Orbital Command  
  35  3:49  SCV  
  36  3:58  Widow Mine  
  36  4:02  SCV  
  38  4:14  Barracks Reactor, Marine  
  39  4:17  SCV x2  
  39  4:23  Starport  
  41  4:27  Engineering Bay  
  41  4:29  SCV x2  
  43  4:32  Marine  
  43  4:33  Engineering Bay  
  43  4:34  Factory Tech Lab  
  44  4:43  SCV x2  
  46  4:48  Refinery  
  46  4:51  Marauder, Refinery  
  48  4:55  SCV  
  48  4:59  Command Center  
  49  5:03  Supply Depot  
  49  5:04  SCV  
  49  5:05  Marine x2  
  52  5:07  SCV  
  52  5:09  Starport Reactor  
  52  5:12  Terran Infantry Weapons Level 1  
  53  5:14  Terran Infantry Armor Level 1  
  53  5:16  Siege Tank, SCV  
  45  5:48  SCV x2  
  45  5:49  Marine x2  
  49  5:53  Siege Tank  
  49  5:54  Medivac  
  54  6:00  SCV  
  54  6:01  Marine  
  56  6:06  Medivac  
  56  6:07  Marine x2  
  60  6:14  SCV x2  
  62  6:19  Marine  
  62  6:23  Orbital Command  
  62  6:25  Marine x2  
  65  6:26  SCV x2  
  65  6:27  Combat Shields  
  67  6:37  Marine  
  68  6:43  Marine x2  
  68  6:45  Medivac  
  73  6:54  Marine, SCV x2  
  73  6:57  SCV  
  73  7:00  Marine  
  77  7:23  Marine x2, SCV, Medivac x2  
  77  7:24  SCV  
  77  7:27  Supply Depot  
  77  7:28  Supply Depot  
  85  7:30  Supply Depot  
  85  7:35  Marine, SCV, Siege Tank  
  90  7:40  Armory  
  90  7:41  Marine x2  
  90  7:42  SCV  
  93  7:49  SCV x2  
  95  7:52  Marine  
  95  7:53  Medivac  
  95  7:54  SCV  
  95  7:57  Medivac  
  101  7:59  Marine x2  
  101  8:01  SCV x2  
  101  8:03  Refinery  
  101  8:05  Refinery  
  105  8:10  Marine  
  108  8:13  SCV  
  108  8:17  Marine x2  
  108  8:18  Siege Tank  
  112  8:23  Medivac  
  114  8:28  Marine  
  115  8:34  Marine x2  
  115  8:37  Supply Depot  
  115  8:38  Barracks  
  112  8:46  Marine  
  102  8:51  Siege Tank  
  102  8:52  Marine x2  
  101  9:02  Orbital Command  
  86  9:10  Marine  
  62  10:12  Marine  
  63  10:15  Medivac x2  
  63  10:18  Hellbat  
  69  10:30  Marine  
  70  10:39  Hellbat  
  72  10:45  Medivac x2  
  72  10:48  Marine  
  70  11:05  Marine  
  69  11:15  Medivac  
  71  11:23  Marine  
  71  11:41  Marine  
  72  11:59  Marine  
  71  12:17  Marine  
  72  12:53  Supply Depot  
Show
View Real Time Build Order
Export as new Build Order

Fropez Protoss 

Build Orders: 1 Gate Expand 

Get SALT Encoding   

  12  0:01  Probe (Chrono Boost)  
  13  0:16  Pylon  
  13  0:24  Probe (Chrono Boost)  
  14  0:35  Probe (Chrono Boost)  
  15  0:36  Gateway  
  15  0:45  Probe (Chrono Boost)  
  16  0:56  Probe (Chrono Boost)  
  17  1:06  Probe (Chrono Boost)  
  18  1:20  Nexus  
  18  1:26  Probe (Chrono Boost)  
  18  1:30  Assimilator  
  19  1:37  Probe (Chrono Boost)  
  20  1:43  Cybernetics Core  
  20  1:55  Probe (Chrono Boost), Gateway  
  21  2:07  Pylon, Probe (Chrono Boost)  
  22  2:13  Pylon  
  22  2:17  Probe (Chrono Boost)  
  22  2:31  Adept  
  22  2:34  Assimilator  
  22  2:36  Probe (Chrono Boost)  
  25  2:37  Probe (Chrono Boost)  
  26  2:47  Mothership Core (Chrono Boost)  
  26  2:48  Pylon  
  26  2:50  Adept  
  30  3:01  Probe (Chrono Boost)  
  30  3:05  Probe (Chrono Boost)  
  32  3:06  Adept  
  32  3:12  Probe (Chrono Boost)  
  35  3:13  Pylon  
  35  3:16  Probe (Chrono Boost), Assimilator  
  35  3:19  Adept  
  38  3:24  Warp Gate (Chrono Boost)  
  38  3:31  Probe  
  38  3:32  Probe  
  40  3:53  Pylon  
  39  4:01  Probe  
  39  4:02  Probe  
  40  4:12  Twilight Council, Probe  
  40  4:13  Adept x2  
  45  4:17  Probe  
  45  4:22  Probe  
  47  4:26  Pylon  
  47  4:33  Gateway  
  47  4:40  Pylon, Probe  
  48  4:48  Resonating Glaives (Chrono Boost), Gateway  
  48  4:53  Probe  
  48  4:54  Forge  
  49  5:08  Gateway  
  45  5:32  Protoss Ground Weapons Level 1 (Chrono Boost)  
  43  5:38  Probe  
  43  5:41  Robotics Facility  
  38  5:43  Adept x3  
  38  5:44  Probe  
  45  5:50  Probe  
  45  5:53  Assimilator  
  45  5:56  Probe, Photon Cannon  
  47  6:03  Probe  
  48  6:06  Pylon  
  48  6:08  Probe  
  48  6:09  Stalker x3  
  48  6:10  Stalker  
  57  6:15  Probe  
  58  6:20  Probe  
  59  6:28  Immortal (Chrono Boost)  
  59  6:29  Blink  
  63  6:34  Stalker  
  63  6:35  Adept  
  63  6:36  Adept x2  
  63  6:39  Probe x2  
  73  6:46  Adept  
  75  6:52  Probe x2  
  77  7:04  Warp Prism (Chrono Boost), Probe, Photon Cannon  
  78  7:12  Protoss Ground Weapons Level 2 (Chrono Boost)  
  78  7:15  Stalker x2  
  82  7:19  Probe  
  82  7:20  Probe  
  84  7:31  Probe  
  84  7:36  Observer  
  85  7:38  Probe  
  87  7:47  Nexus, Stalker x2  
  87  7:51  Pylon  
  91  7:53  Pylon  
  91  8:11  Gateway  
  91  8:15  Gateway  
  91  8:19  Pylon  
  91  8:22  Pylon x2  
  91  8:26  Adept x3  
  91  8:27  Adept x2  
  101  8:48  Adept x5  
  111  9:12  Stalker x5  
  92  9:38  Adept  
  92  9:39  Adept x4  
  92  9:40  Adept x2  
  54  10:25  Stalker x2  
  54  10:26  Stalker, Mothership Core  
  60  10:32  Pylon  
  60  10:33  Pylon  
  61  10:38  Pylon  
  61  10:40  Pylon  
  33  11:44  Nexus  
  33  12:00  Pylon  
  33  12:45  Pylon  
Tags
 
Composition
MMM Bio
League
Gold
Matchup
PvT
Replay Pack
All Mines
Spawn Locations
Close Positions
Add a new tag
Caveats
  • Supply blocks, unpowered buildings, or Contaminate may cause inaccurate times.
  • Supply counts are checked every 10 seconds.